 Dungeon Crawl Stone Soup version 0.31.0 (webtiles) character file.

Game seed: 13597562879769918663

117 qw the Shooter (level 5, 32/32 HPs)
             Began as a Gargoyle Hunter on Jan 19, 2024.
             Quit the game on level 3 of the Dungeon.
             The game lasted 00:01:11 (1926 turns).

qw the Shooter (Gargoyle Hunter)                    Turns: 1926, Time: 00:01:11

Health: 32/32      AC: 10    Str: 15    XL:     5   Next: 1%
Magic:  5/5        EV: 11    Int:  9    God:
Gold:   186        SH:  0    Dex: 15    Spells: 4/4 levels left

rFire   . . .        a - +0 shortbow
rCold   . . .        (shield currently unavailable)
rNeg    + . .        d - +0 ring mail
rPois   inf          (no helmet)
rElec   +            b - +0 cloak
rCorr   +            (no gloves)
SInv    .            (no boots)
Will    .....        (no amulet)
Stlth   +            e - ring of resist corrosion
HPRegen 0.25/turn    (no ring)
MPRegen 0.09/turn

%: no passive effects
@: no status effects
A: sickness immunity, AC +4, negative energy resistance 1, electricity
resistance, torment resistance 1, petrification resistance
a: no special abilities


You were on level 3 of the Dungeon.
You visited 1 branch of the dungeon, and saw 3 of its levels.

You collected 186 gold pieces.


Innate Abilities, Weirdness & Mutations

You are immune to sickness and miasma.
Your stone body is resilient. (AC +4)
You are immune to poison.
You resist negative energy. (rN+)
You are resistant to electric shocks. (rElec)
You are resistant to unholy torment.
You are immune to petrification.


   Skills:
 - Level 3.0 Fighting
 - Level 5.8 Ranged Weapons
 + Level 0.0 Armour
 - Level 1.5 Dodging
 - Level 1.1 Stealth


You had 4 spell levels left.
You didn't know any spells.
Your spell library was empty.

Inventory:

Hand Weapons
 a - a +0 shortbow (weapon)
Armour
 b - a +0 cloak (worn)
 c - a +0 leather armour
 d - a +0 ring mail (worn)
Jewellery
 e - a ring of resist corrosion (left hand)
Potions
 f - a potion of mutation {unknown}
 g - a potion of attraction {unknown}
 j - a potion of berserk rage {unknown}

Dungeon Overview and Level Annotations

Branches:
Dungeon (3/15)

Altars:
Okawaru
Wu Jian


Message History

The jackal bites you but does no damage.
You shoot an arrow. The arrow closely misses the jackal.
The jackal bites you.
You shoot an arrow. The arrow hits the jackal.
The jackal is moderately wounded.
The jackal closely misses you.
The jackal bites you but does no damage.
You shoot an arrow. The arrow hits the jackal.
The jackal is heavily wounded.
The jackal closely misses you. x2
You shoot an arrow. The arrow barely misses the jackal.
The jackal bites you.
You shoot an arrow. The arrow barely misses the jackal.
The jackal bites you. The jackal closely misses you.
You shoot an arrow. The arrow misses the jackal.
The jackal bites you but does no damage.
You shoot an arrow.
The arrow hits the jackal but does no damage.
The jackal is heavily wounded.
The jackal bites you but does no damage.
The jackal barely misses you.
You shoot an arrow. The arrow closely misses the jackal.
The jackal barely misses you.
You shoot an arrow. The arrow hits the jackal.
You kill the jackal!
You start resting.
HP restored.
You see here a jackal corpse.
Found a club.
Found an iron altar of Okawaru.
Found 7 stones.
1916 ||| PLANNING OKAWARU WORSHIP
1916 ||| UPGRADING to +0 ring mail.
You start removing your armour.
You continue taking off your +0 leather armour. x4
You finish taking off your +0 leather armour.
You start putting on your armour.
You continue putting on your +0 ring mail. x5
You finish putting on your +0 ring mail.
Are you sure you want to abandon this character and quit the game? (Confirm with "yes".)

...(.# .....#
.#.....#..... .....###
.#.$.$.#.... .......
.+.._$.#...# .^...#
.#..$..#... .....#
.#.....#.. ##. .....#
(#######.####...
.....# ..............#
..#### #..@......#
#..## ####......#.
##..### #......).
##...# #......#.
###.###########......#
#....##....%..#.....#
####....####%........
####.# #....####. #.#
#....#


There were no monsters in sight!

Vanquished Creatures
  3 adders
  2 dart slugs
  5 orcs (D:3)
  7 endoplasms
  5 giant cockroaches
  7 goblins
  5 hobgoblins
  5 jackals
  5 quokkas
  7 ball pythons
  3 bats
  3 frilled lizards
  9 kobolds
  8 rats
74 creatures vanquished.

Notes
Turn   | Place    | Note
-------+----------+-------------------------------------------
     0 | D:1      | qw the Gargoyle Hunter began the quest for the Orb.
     0 | D:1      | Reached XP level 1. HP: 12/12 MP: 1/1
     0 | D:1      | 0 ||| qw: Version: 0.3-a-132-g3d54051
     0 | D:1      | 0 ||| qw: Game counter: 2
     0 | D:1      | 0 ||| qw: Melee chars always use a shield: true
     0 | D:1      | 0 ||| qw: God list: Okawaru
     0 | D:1      | 0 ||| qw: Allow faded altars: false
     0 | D:1      | 0 ||| qw: Do Orc after clearing Dungeon:15 true
     0 | D:1      | 0 ||| qw: Do second Lair branch before Depths: true
     0 | D:1      | 0 ||| qw: Lair rune preference: random
     0 | D:1      | 0 ||| qw: Goals: Normal
     0 | D:1      | 0 ||| PLANNING D:1-11
     3 | D:1      | 3 ||| qw: Version: 0.3-a-132-g3d54051
     3 | D:1      | 3 ||| qw: Game counter: 2
     3 | D:1      | 3 ||| qw: Melee chars always use a shield: true
     3 | D:1      | 3 ||| qw: God list: Okawaru
     3 | D:1      | 3 ||| qw: Allow faded altars: false
     3 | D:1      | 3 ||| qw: Do Orc after clearing Dungeon:15 true
     3 | D:1      | 3 ||| qw: Do second Lair branch before Depths: true
     3 | D:1      | 3 ||| qw: Lair rune preference: random
     3 | D:1      | 3 ||| qw: Goals: Normal
     3 | D:1      | 3 ||| PLANNING D:1-11
   154 | D:1      | Reached XP level 2. HP: 17/17 MP: 2/2
   412 | D:1      | Reached XP level 3. HP: 21/21 MP: 3/3
   494 | D:1      | Reached skill level 5 in Ranged Weapons
   900 | D:1      | 900 ||| READING scroll labelled PIRUOTHR PYFI.
   900 | D:1      | 900 ||| ENCHANTING +0 shortbow.
   901 | D:1      | 901 ||| READING scroll labelled MALOTZ NUACS.
   902 | D:1      | 902 ||| DROPPING scroll of butterflies.
   976 | D:2      | Found a faded altar of an unknown god.
   991 | D:2      | Reached skill level 3 in Fighting
  1007 | D:2      | 1007 ||| FLEEEEING.
  1011 | D:2      | 1011 ||| STAIRDANCE
  1216 | D:2      | Reached XP level 4. HP: 28/28 MP: 4/4
  1242 | D:2      | 1242 ||| qw: Version: 0.3-a-132-g3d54051
  1242 | D:2      | 1242 ||| qw: Game counter: 2
  1242 | D:2      | 1242 ||| qw: Melee chars always use a shield: true
  1242 | D:2      | 1242 ||| qw: God list: Okawaru
  1242 | D:2      | 1242 ||| qw: Allow faded altars: false
  1242 | D:2      | 1242 ||| qw: Do Orc after clearing Dungeon:15 true
  1242 | D:2      | 1242 ||| qw: Do second Lair branch before Depths: true
  1242 | D:2      | 1242 ||| qw: Lair rune preference: random
  1242 | D:2      | 1242 ||| qw: Goals: Normal
  1242 | D:2      | 1242 ||| PLANNING D:1-11
  1282 | D:2      | Found an ornate altar of the Wu Jian Council.
  1374 | D:2      | 1374 ||| UPGRADING to +0 cloak.
  1379 | D:2      | 1379 ||| UPGRADING to ring of resist corrosion.
  1380 | D:2      | 1380 ||| READING scroll labelled UNWAGODGHEPN.
  1380 | D:2      | 1380 ||| IDENTIFYING sapphire potion
  1381 | D:2      | 1381 ||| READING scroll labelled HAUDIT KOAGA.
  1414 | D:3      | 1414 ||| STAIRDANCE
  1418 | D:3      | 1418 ||| STAIRDANCE
  1424 | D:3      | HP: 6/28 [jackal (3)]
  1425 | D:3      | 1425 ||| DRINKING potion of heal wounds.
  1426 | D:3      | 1426 ||| STAIRDANCE
  1445 | D:2      | 1445 ||| FLEEEEING.
  1658 | D:3      | 1658 ||| FLEEEEING.
  1666 | D:3      | 1666 ||| qw: Version: 0.3-a-132-g3d54051
  1666 | D:3      | 1666 ||| qw: Game counter: 2
  1666 | D:3      | 1666 ||| qw: Melee chars always use a shield: true
  1666 | D:3      | 1666 ||| qw: God list: Okawaru
  1666 | D:3      | 1666 ||| qw: Allow faded altars: false
  1666 | D:3      | 1666 ||| qw: Do Orc after clearing Dungeon:15 true
  1666 | D:3      | 1666 ||| qw: Do second Lair branch before Depths: true
  1666 | D:3      | 1666 ||| qw: Lair rune preference: random
  1666 | D:3      | 1666 ||| qw: Goals: Normal
  1666 | D:3      | 1666 ||| PLANNING D:1-11
  1666 | D:3      | 1666 ||| FLEEEEING.
  1883 | D:3      | Reached XP level 5. HP: 32/32 MP: 5/5
  1912 | D:3      | Found an iron altar of Okawaru.
  1916 | D:3      | 1916 ||| PLANNING OKAWARU WORSHIP
  1916 | D:3      | 1916 ||| UPGRADING to +0 ring mail.
  1926 | D:3      | Quit the game

Levels and vault maps discovered:
D:1:      lemuel_arrival_muddy, layout_loops_corners, minmay_gold_behind_fungi
D:2:      layout_basic, basic_altar, hellmonk_ecumenical_altar_lost_god
D:3:      layout_basic, lemuel_round_altar, amcnicky_altar_gilded,
          kennysheep_pointless_box

Skill      XL: |  1  2  3 |
---------------+----------+-----
Ranged Weapons | 5 |  5.8
Fighting       | 3 |  3.0
Dodging        | |  1.5
Stealth        | |  1.1

Action                     |  1- 3 |  4- 6 || total
---------------------------+-------+-------++-------
   Fire: Shortbow          |   108 |   110 ||   218
    Use: Scroll            |     2 |     2 ||     4
         Potion            |       |     1 ||     1
 Armour: Leather armour    |    31 |    87 ||   118
  Dodge: Dodged            |    35 |    97 ||   132

Table legend:
 A = Non-vault XP
 B = Vault XP
 C = Vault XP percentage of total XP
 D = Non-vault monster count
 E = Vault monster count
 F = Vault count percentage of total count
                 A         B        C        D         E       F
            +---------+---------+-------+---------+---------+-------
      Total |     168 |       0 |   0.0 |      74 |       0 |   0.0
            +---------+---------+-------+---------+---------+-------
        D:1 |      52 |       0 |   0.0 |      31 |       0 |   0.0
        D:2 |      69 |       0 |   0.0 |      25 |       0 |   0.0
        D:3 |      47 |       0 |   0.0 |      18 |       0 |   0.0
            +---------+---------+-------+---------+---------+-------
